cohdb
Replays
Latest Replays
All Replays
Popular Replays
Top Player Replays
Match Explorer
How It Works
Community
CoH3 Stats
Reddit
Sign in to upload your games and track your stats! →
Sign in with Steam
Match 44135567
Unlisted
Match 44135567
Overview
Messages
Build Orders
End
Selects Italian Combined Arms Battlegroup
Selects Bersaglieri Squad
Bersaglieri Squad
250 Light Carrier
Bersaglieri Squad
Bersaglieri Squad
Bersaglieri Squad
Selects Bersaglieri Bolster
Construct Light Support Kompanie
Construct Mechanized Kompanie
Selects Breda Model 30 Light Machine Guns
Support Armor Elements
StuG III D Assault Gun
Pak 38 Mechanized Group
Selects Semovente da 75/18 Assault Gun
Selects Semovente da 75/18 Assault Gun
Semovente da 75/18 Assault Gun
D i l d o _ S w a g g i n s
JOJO
vincent
YukikaOokami
Boeing767 AntiBuilding missile
输了我就该背锅
抖音呆呆河马-英3小程序
梧桐
0
0
Comments
sign in to comment!
No comments posted yet!